Lightning vs Maple Leafs

Created - 13 octobre 2017 at 15:52

Goals
1 2 3 OT1 T
Lightning 1 1 0 1 3
Maple Leafs 0 0 2 0 2
Shots
1 2 3 OT1 T
Lightning 13 6 10 1 30
Maple Leafs 7 11 16 0 34

1st period

1. Lightning , Radim Vrbata 1 (Nick Foligno 2, Andrej Sekera 2) at 16:06

Penalties :
No Penalty

2nd period

2. Lightning , Drew Stafford 2 (Dennis Seidenberg 1) at 9:37

Penalties :
Will O'Neill (TOR) for Slashing (Minor) at 13:45

3rd period

3. Maple Leafs , Anze Kopitar 2 (Nikolaj Ehlers 2, Bobby Ryan 1) at 5:27
4. Maple Leafs , Tom Kostopoulos 1 (Lars Eller 1, Toby Enstrom 4) at 15:04

Penalties :
Jonathan Marchessault (TAM) for Cross-checking (Minor) at 1:41, Hampus Lindholm (TOR) for Hooking (Minor) at 17:08

Overtime #1

5. Lightning , Tyler Seguin 1 (Nick Foligno 3, Jonathan Marchessault 2) at 1:54

Penalties :
No Penalty

Goalie Stats

Braden Holtby (TAM), 32 saves from 34 shots - (0,941), W, 3-0-0, 61:54 minutes
Marc-Andre Fleury (TOR), 27 saves from 30 shots - (0,900), OTL, 0-2-1, 61:54 minutes

Players Stats for Lightning

Player Name              G  A  P  +/- PIM S  H  SB GA TA FO     MP     PP MP  PK MP  
------------------------------------------------------------------------------------
Andrej Sekera            0  1  1   0  0   0  0  1  2  0  0/0    26:58   1:30   0:53 
Antoine Vermette         0  0  0  -1  0   1  0  1  0  0  10/16  13:43   0:00   0:09 
Carl Soderberg           0  0  0   0  0   0  1  0  0  0  5/7     8:41   0:00   0:00 
Colin Miller             0  0  0   1  0   0  1  0  1  1  0/0    20:15   2:28   1:06 
Dennis Seidenberg        0  1  1   1  0   1  2  1  0  0  0/0    16:59   0:00   0:53 
Drew Stafford            1  0  1   0  0   3  1  0  1  0  0/0     9:27   0:00   0:33 
Jonathan Marchessault    0  1  1   0  2   4  1  1  0  0  0/0    17:59   0:00   0:00 
Jussi Jokinen            0  0  0  -1  0   0  2  0  1  0  0/0    16:02   1:38   1:03 
Matt Cullen              0  0  0   1  0   0  0  1  1  0  2/5    18:01   1:38   1:03 
Michal Rozsival          0  0  0  -1  0   0  1  2  1  1  0/0    13:33   0:10   0:00 
Nick Foligno             0  2  2   2  0   4  2  0  0  1  0/0    18:12   2:20   0:23 
Noah Hanifin             0  0  0  -1  0   1  0  2  0  0  0/0    15:06   1:30   0:00 
Radim Vrbata             1  0  1   1  0   4  0  0  0  0  4/14   16:49   1:38   0:00 
Radko Gudas              0  0  0   1  0   3  4  4  0  2  0/0    29:03   2:18   1:06 
Ryan Dzingel             0  0  0  -1  0   2  1  0  0  0  0/0    13:41   0:00   0:24 
Ryan Nugent-Hopkins      0  0  0   0  0   1  1  1  0  0  10/19  20:20   2:20   0:23 
Tyler Seguin             1  0  1   1  0   6  0  0  1  0  0/1    20:12   2:20   0:00 
Viktor Stalberg          0  0  0   0  0   0  2  0  0  0  0/0     8:41   0:00   0:00 

Players Stats for Maple Leafs

Player Name              G  A  P  +/- PIM S  H  SB GA TA FO     MP     PP MP  PK MP  
------------------------------------------------------------------------------------
Anze Kopitar             1  0  1   1  0   6  2  1  1  0  17/28  23:05   1:07   2:27 
Bobby Ryan               0  1  1   0  0   1  4  0  0  0  0/1    16:58   0:52   0:50 
Boyd Gordon              0  0  0   0  0   0  1  0  0  0  0/0     8:11   0:00   0:00 
Fredrik Claesson         0  0  0   1  0   0  0  1  0  1  0/0    13:18   0:00   0:00 
Hampus Lindholm          0  0  0   0  2   3  1  3  0  1  0/0    25:27   1:11   1:14 
Lars Eller               0  1  1  -1  0   2  2  1  0  1  4/10   12:16   0:00   0:00 
Logan Couture            0  0  0   0  0   7  1  0  2  3  1/1    21:32   1:07   0:41 
Luke Schenn              0  0  0   0  0   0  5  1  0  0  0/0    26:14   1:11   2:33 
Mike Hoffman             0  0  0  -1  0   2  0  0  0  0  0/1    17:21   1:07   0:41 
Nicklas Jensen           0  0  0   0  0   2  2  0  0  1  0/0     8:11   0:00   0:00 
Nikolaj Ehlers           0  1  1   1  0   0  1  0  1  1  0/3    20:20   0:52   0:00 
Sergey Kalinin           0  0  0   0  0   2  1  0  0  0  0/3     8:11   0:00   0:00 
Stephen Gionta           0  0  0  -1  0   0  0  0  0  0  0/0    12:34   0:00   0:50 
Steven Santini           0  0  0  -1  0   2  4  2  0  0  0/0    20:39   0:48   1:25 
Toby Enstrom             0  1  1  -2  0   2  1  0  0  0  0/0    21:41   0:48   1:25 
Tom Kostopoulos          1  0  1  -1  0   1  2  0  0  0  0/0    11:45   0:00   0:00 
Travis Zajac             0  0  0   0  0   3  1  1  1  0  9/15   19:19   0:52   2:27 
Will O'Neill             0  0  0   1  2   1  0  0  0  0  0/0    14:40   0:00   1:19 

3 Stars

1 - Nick Foligno (TAM)
2 - Braden Holtby (TAM)
3 - Anze Kopitar (TOR)

Power Play

Lightning - 0 on 2 Attempt(s) - 0,00%
Maple Leafs - 0 on 1 Attempt(s) - 0,00%

Penalty Kill

Lightning - 1 on 1 Attempt(s) - 100,00% - Score 0 goal in Penalty Kill
Maple Leafs - 2 on 2 Attempt(s) - 100,00% - Score 0 goal in Penalty Kill

Team Stat

Lightning - Hits : 19 - Faceoff Wins : 31 - Blocked Shots : 14 - Penalty Minutes : 2
Maple Leafs - Hits : 28 - Faceoff Wins : 31 - Blocked Shots : 10 - Penalty Minutes : 4

Official

Referees : Tim Peel and Greg Kimmerly
Linesman : Mike Cvik and Scott Driscoll

Game Notes

No Game Note

Finance

Level 1 -- Attendance: 4025 (67,08%) -- Ticket Income 442 750 $
Level 2 -- Attendance: 3807 (76,14%) -- Ticket Income 247 455 $
Level 3 -- Attendance: 1243 (62,15%) -- Ticket Income 55 935 $
Level 4 -- Attendance: 3790 (94,75%) -- Ticket Income 83 380 $
Luxury Box -- Attendance: 622 (62,20%) -- Ticket Income 139 950 $
Game was played at the Air Canada Center.
Total Attendance: 13487 (74,93%)
Total Ticket Income: 969 470 $
Other Income: 475 040 $
Total Income: 1 444 510 $

Lightning

5 vs 5 Forward 
   Center                   Left Wing                Right Wing               Time % Phy DF OF 
 1 Ryan Nugent-Hopkins      Jonathan Marchessault    Tyler Seguin             31     0   1  4  
 2 Radim Vrbata             Matt Cullen              Nick Foligno             30     0   1  4  
 3 Antoine Vermette         Ryan Dzingel             Jussi Jokinen            26     0   1  4  
 4 Carl Soderberg           Viktor Stalberg          Drew Stafford            13     0   1  4  

5 vs 5 Defense 
   Defense                  Defense                                           Time % Phy DF OF 
 1 Andrej Sekera            Radko Gudas                                       40     0   1  4  
 2 Dennis Seidenberg        Colin Miller                                      30     0   1  4  
 3 Michal Rozsival          Noah Hanifin                                      20     0   1  4  
 4 Radko Gudas              Andrej Sekera                                     10     0   1  4  

PowerPlay Forward 
   Center                   Left Wing                Right Wing               Time % Phy DF OF 
 1 Ryan Nugent-Hopkins      Nick Foligno             Tyler Seguin             60     0   0  5  
 2 Matt Cullen              Jussi Jokinen            Radim Vrbata             40     0   0  5  

PowerPlay Defense
   Defense                  Defense                                           Time % Phy DF OF 
 1 Colin Miller             Radko Gudas                                       60     0   1  4  
 2 Andrej Sekera            Noah Hanifin                                      40     0   1  4  

Penalty Kill 4 Players Forward 
   Center                   Wing                     Time % Phy DF OF 
 1 Matt Cullen              Jussi Jokinen            60     0   4  1  
 2 Ryan Nugent-Hopkins      Nick Foligno             40     0   4  1  

Penalty Kill 4 Players Defense
   Defense                  Defense                  Time % Phy DF OF 
 1 Colin Miller             Radko Gudas              60     0   4  1  
 2 Dennis Seidenberg        Andrej Sekera            40     0   4  1  

Penalty Kill - 3 Players Forward 
   Forward                                           Time % Phy DF OF 
 1 Matt Cullen                                       60     0   4  1  
 2 Nick Foligno                                      40     0   4  1  

Penalty Kill - 3 Players Defense
   Defense                  Defense                  Time % Phy DF OF 
 1 Colin Miller             Radko Gudas              60     0   4  1  
 2 Dennis Seidenberg        Andrej Sekera            40     0   4  1  

4 vs 4 Forward 
   Center                   Wing                     Time % Phy DF OF 
 1 Tyler Seguin             Nick Foligno             60     1   2  2  
 2 Radim Vrbata             Ryan Nugent-Hopkins      40     1   2  2  

4 vs 4 Defense
   Defense                  Defense                  Time % Phy DF OF 
 1 Colin Miller             Radko Gudas              60     1   2  2  
 2 Dennis Seidenberg        Noah Hanifin             40     1   2  2  

Last Minutes Offensive
   Center                   Left Wing                Right Wing               Defense                  Defense                  
   Tyler Seguin             Nick Foligno             Radim Vrbata             Andrej Sekera            Noah Hanifin             

Last Minutes Defensive
   Center                   Left Wing                Right Wing               Defense                  Defense                  
   Tyler Seguin             Nick Foligno             Radim Vrbata             Colin Miller             Radko Gudas              

Goaltenders
Starting : Braden Holtby            
Backup : Eddie Lack               

Extra Forwards
Normal : Jussi Jokinen, Antoine Vermette, Drew Stafford - PP : Jussi Jokinen, Antoine Vermette - PK : Drew Stafford
Extra Defensemen
Normal : Michal Rozsival, Colin Miller, Dennis Seidenberg - PP : Michal Rozsival - PK : Andrej Sekera, Dennis Seidenberg
Penalty Shots
Tyler Seguin, Radim Vrbata, Ryan Nugent-Hopkins, Jonathan Marchessault, Matt Cullen
Custom OT Lines Forwards
Tyler Seguin, Nick Foligno, Radim Vrbata, Ryan Nugent-Hopkins, Matt Cullen, Jonathan Marchessault, Jussi Jokinen, Antoine Vermette, Drew Stafford, Viktor Stalberg
Custom OT Lines Defensemen
Colin Miller, Radko Gudas, Dennis Seidenberg, Noah Hanifin, Michal Rozsival

Scratches
Eric Tangradi (Healthy), Johnny Boychuk (Right Foot Injury)

Maple Leafs

5 vs 5 Forward 
   Center                   Left Wing                Right Wing               Time % Phy DF OF 
 1 Anze Kopitar             Logan Couture            Nikolaj Ehlers           40     0   2  3  
 2 Travis Zajac             Bobby Ryan               Mike Hoffman             30     0   3  2  
 3 Lars Eller               Tom Kostopoulos          Stephen Gionta           20     0   3  1  
 4 Sergey Kalinin           Nicklas Jensen           Boyd Gordon              10     0   5  0  

5 vs 5 Defense 
   Defense                  Defense                                           Time % Phy DF OF 
 1 Hampus Lindholm          Luke Schenn                                       40     0   4  1  
 2 Toby Enstrom             Steven Santini                                    30     0   4  1  
 3 Fredrik Claesson         Will O'Neill                                      20     0   4  1  
 4 Hampus Lindholm          Luke Schenn                                       10     0   4  1  

PowerPlay Forward 
   Center                   Left Wing                Right Wing               Time % Phy DF OF 
 1 Anze Kopitar             Logan Couture            Mike Hoffman             60     0   0  5  
 2 Travis Zajac             Bobby Ryan               Nikolaj Ehlers           40     0   0  5  

PowerPlay Defense
   Defense                  Defense                                           Time % Phy DF OF 
 1 Hampus Lindholm          Luke Schenn                                       60     0   0  5  
 2 Toby Enstrom             Steven Santini                                    40     0   0  5  

Penalty Kill 4 Players Forward 
   Center                   Wing                     Time % Phy DF OF 
 1 Travis Zajac             Anze Kopitar             60     0   5  0  
 2 Logan Couture            Mike Hoffman             40     0   5  0  

Penalty Kill 4 Players Defense
   Defense                  Defense                  Time % Phy DF OF 
 1 Hampus Lindholm          Luke Schenn              60     1   4  0  
 2 Toby Enstrom             Steven Santini           40     0   5  0  

Penalty Kill - 3 Players Forward 
   Forward                                           Time % Phy DF OF 
 1 Travis Zajac                                      60     0   5  0  
 2 Anze Kopitar                                      40     0   5  0  

Penalty Kill - 3 Players Defense
   Defense                  Defense                  Time % Phy DF OF 
 1 Hampus Lindholm          Luke Schenn              60     0   5  0  
 2 Toby Enstrom             Steven Santini           40     0   5  0  

4 vs 4 Forward 
   Center                   Wing                     Time % Phy DF OF 
 1 Anze Kopitar             Travis Zajac             60     0   3  2  
 2 Logan Couture            Mike Hoffman             40     0   3  2  

4 vs 4 Defense
   Defense                  Defense                  Time % Phy DF OF 
 1 Hampus Lindholm          Luke Schenn              60     0   3  2  
 2 Toby Enstrom             Steven Santini           40     0   3  2  

Last Minutes Offensive
   Center                   Left Wing                Right Wing               Defense                  Defense                  
   Anze Kopitar             Logan Couture            Mike Hoffman             Hampus Lindholm          Luke Schenn              

Last Minutes Defensive
   Center                   Left Wing                Right Wing               Defense                  Defense                  
   Anze Kopitar             Logan Couture            Mike Hoffman             Hampus Lindholm          Luke Schenn              

Goaltenders
Starting : Marc-Andre Fleury        
Backup : Petr Mrazek              

Extra Forwards
Normal : Lars Eller, Tom Kostopoulos, Stephen Gionta - PP : Lars Eller, Tom Kostopoulos - PK : Stephen Gionta
Extra Defensemen
Normal : Fredrik Claesson, Will O'Neill, Toby Enstrom - PP : Fredrik Claesson - PK : Will O'Neill, Toby Enstrom
Penalty Shots
Anze Kopitar, Logan Couture, Bobby Ryan, Nicklas Jensen, Lars Eller
Custom OT Lines Forwards
Anze Kopitar, Travis Zajac, Logan Couture, Mike Hoffman, Nikolaj Ehlers, Bobby Ryan, Lars Eller, Tom Kostopoulos, Stephen Gionta, Sergey Kalinin
Custom OT Lines Defensemen
Hampus Lindholm, Luke Schenn, Toby Enstrom, Steven Santini, Fredrik Claesson

Scratches
*salaire Leafs* (Suspend), Jeff Petry (Right Leg Injury)

% Time on Ice - Lightning

Lines # - Real PCT - Wanted PCT - Time Play
Normal Forward
1 - 32% - 31% - 17:24
2 - 27% - 30% - 14:41
3 - 25% - 26% - 13:17
4 - 16% - 13% - 8:41
Normal Defense
1 - 39% - 40% - 20:54
2 - 30% - 30% - 16:06
3 - 24% - 20% - 13:05
4 - 7% - 10% - 3:58
PP Forward
1 - 59% - 60% - 2:20
2 - 41% - 40% - 1:38
PP Defense
1 - 62% - 60% - 2:28
2 - 38% - 40% - 1:30
PK Forward
1 - 81% - 60% - 1:36
2 - 19% - 40% - 0:23
PK Defense
1 - 55% - 60% - 1:06
2 - 45% - 40% - 0:53
PK3 Forward
1 - 0% - 60%
2 - 0% - 40%
PK3 Defense
1 - 0% - 60%
2 - 0% - 40%
44 Forward
1 - 0% - 60%
2 - 0% - 40%
44 Defense
1 - 0% - 60%
2 - 0% - 40%
Last Minute Offensive  - 0:00
Last Minute Defensive  - 0:00
Total
Forward - 60:00
Defense - 60:00

% Time on Ice - Maple Leafs

Lines # - Real PCT - Wanted PCT - Time Play
Normal Forward
1 - 35% - 40% - 19:09
2 - 28% - 30% - 14:59
3 - 22% - 20% - 11:44
4 - 15% - 10% - 8:11
Normal Defense
1 - 38% - 40% - 20:19
2 - 34% - 30% - 18:07
3 - 25% - 20% - 13:18
4 - 4% - 10% - 2:19
PP Forward
1 - 56% - 60% - 1:07
2 - 44% - 40% - 0:52
PP Defense
1 - 60% - 60% - 1:11
2 - 40% - 40% - 0:48
PK Forward
1 - 83% - 60% - 3:17
2 - 17% - 40% - 0:41
PK Defense
1 - 73% - 60% - 2:54
2 - 27% - 40% - 1:04
PK3 Forward
1 - 0% - 60%
2 - 0% - 40%
PK3 Defense
1 - 0% - 60%
2 - 0% - 40%
44 Forward
1 - 0% - 60%
2 - 0% - 40%
44 Defense
1 - 0% - 60%
2 - 0% - 40%
Last Minute Offensive  - 0:00
Last Minute Defensive  - 0:00
Total
Forward - 60:00
Defense - 60:00

Play by Play

1st period


0:01 of 1st period - Anze Kopitar wins face-off versus Ryan Nugent-Hopkins in neutral zone.
0:06 of 1st period - Wrist shot by Logan Couture.
0:06 of 1st period - Deflect By Nikolaj Ehlers.
0:06 of 1st period - Shot Blocked by Radko Gudas.
0:06 of 1st period - Puck is out of play.
0:07 of 1st period - Anze Kopitar wins face-off versus Ryan Nugent-Hopkins in Lightning zone.
0:14 of 1st period - Wrist shot by Logan Couture.
0:14 of 1st period - Stopped by Braden Holtby without a rebound.
0:15 of 1st period - Travis Zajac wins face-off versus Radim Vrbata in Lightning zone.
0:47 of 1st period - Wrist shot by Jussi Jokinen.
0:47 of 1st period - Deflect By Antoine Vermette.
0:47 of 1st period - Stopped by Marc-Andre Fleury without a rebound.
0:48 of 1st period - Carl Soderberg wins face-off versus Sergey Kalinin in Maple Leafs zone.
0:51 of 1st period - Slapshot by Carl Soderberg.
0:51 of 1st period - Shot Blocked by Fredrik Claesson.
0:53 of 1st period - Wrist shot by Drew Stafford.
0:53 of 1st period - Shot Misses the Net.
1:01 of 1st period - Snap shot by Noah Hanifin.
1:01 of 1st period - Stopped by Marc-Andre Fleury with a rebound.
2:04 of 1st period - Snap shot by Radim Vrbata.
2:04 of 1st period - Stopped by Marc-Andre Fleury without a rebound.
2:05 of 1st period - Anze Kopitar wins face-off versus Radim Vrbata in Maple Leafs zone.
2:13 of 1st period - Snap shot by Logan Couture.
2:13 of 1st period - Stopped by Braden Holtby without a rebound.
2:14 of 1st period - Anze Kopitar wins face-off versus Radim Vrbata in Lightning zone.
2:39 of 1st period - Snap shot by Radim Vrbata.
2:39 of 1st period - Stopped by Marc-Andre Fleury with a rebound.
2:51 of 1st period - Snap shot by Nikolaj Ehlers.
2:51 of 1st period - Deflect By Logan Couture.
2:51 of 1st period - Shot Misses the Net.
2:51 of 1st period - Puck is out of play.
2:52 of 1st period - Ryan Nugent-Hopkins wins face-off versus Bobby Ryan in Lightning zone.
3:05 of 1st period - Wrist shot by Bobby Ryan.
3:05 of 1st period - Shot Misses the Net.
3:31 of 1st period - Snap shot by Jonathan Marchessault.
3:31 of 1st period - Stopped by Marc-Andre Fleury without a rebound.
3:32 of 1st period - Lars Eller wins face-off versus Antoine Vermette in Maple Leafs zone.
3:57 of 1st period - Drew Stafford is hit by Toby Enstrom and loses puck.
4:31 of 1st period - Wrist shot by Mike Hoffman.
4:31 of 1st period - Shot Blocked by Radko Gudas.
5:01 of 1st period - Radko Gudas is hit by Luke Schenn and loses puck.
5:46 of 1st period - Icing by Colin Miller.
5:47 of 1st period - Travis Zajac wins face-off versus Carl Soderberg in Lightning zone.
6:00 of 1st period - Snap shot by Bobby Ryan.
6:00 of 1st period - Stopped by Braden Holtby without a rebound.
6:01 of 1st period - Antoine Vermette wins face-off versus Anze Kopitar in Lightning zone.
6:14 of 1st period - Slapshot by Nikolaj Ehlers.
6:14 of 1st period - Shot Misses the Net.
6:16 of 1st period - Wrist shot by Nikolaj Ehlers.
6:16 of 1st period - Shot Misses the Net.
6:37 of 1st period - Wrist shot by Travis Zajac.
6:37 of 1st period - Shot Misses the Net.
6:55 of 1st period - Lars Eller is hit by Ryan Nugent-Hopkins and loses puck.
7:10 of 1st period - Luke Schenn is hit by Viktor Stalberg and loses puck.
7:28 of 1st period - Off-side.
7:29 of 1st period - Anze Kopitar wins face-off versus Antoine Vermette in neutral zone.
7:34 of 1st period - Wrist shot by Nikolaj Ehlers.
7:34 of 1st period - Shot Misses the Net.
7:40 of 1st period - Nikolaj Ehlers is hit by Ryan Dzingel and loses puck.
8:22 of 1st period - Nick Foligno is hit by Steven Santini and loses puck.
8:32 of 1st period - Off-side.
8:33 of 1st period - Carl Soderberg wins face-off versus Lars Eller in neutral zone.
9:00 of 1st period - Matt Cullen is hit by Bobby Ryan and loses puck.
9:11 of 1st period - Wrist shot by Mike Hoffman.
9:11 of 1st period - Shot Misses the Net.
9:25 of 1st period - Will O'Neill is hit by Colin Miller and loses puck.
9:32 of 1st period - Wrist shot by Jonathan Marchessault.
9:32 of 1st period - Shot Misses the Net.
10:11 of 1st period - Wrist shot by Viktor Stalberg.
10:11 of 1st period - Shot Misses the Net.
10:33 of 1st period - Wrist shot by Travis Zajac.
10:33 of 1st period - Deflect By Matt Cullen.
10:33 of 1st period - Shot Blocked by Matt Cullen.
10:33 of 1st period - Puck is out of play.
10:34 of 1st period - Ryan Nugent-Hopkins wins face-off versus Anze Kopitar in Lightning zone.
10:59 of 1st period - Steven Santini is hit by Michal Rozsival and loses puck.
11:06 of 1st period - Wrist shot by Ryan Dzingel.
11:06 of 1st period - Stopped by Marc-Andre Fleury with a rebound.
11:08 of 1st period - Snap shot by Jussi Jokinen.
11:08 of 1st period - Shot Misses the Net.
11:45 of 1st period - Snap shot by Tyler Seguin.
11:45 of 1st period - Shot Misses the Net.
11:47 of 1st period - Wrist shot by Ryan Nugent-Hopkins.
11:47 of 1st period - Stopped by Marc-Andre Fleury without a rebound.
11:48 of 1st period - Antoine Vermette wins face-off versus Anze Kopitar in Maple Leafs zone.
13:28 of 1st period - Wrist shot by Anze Kopitar.
13:28 of 1st period - Deflect By Logan Couture.
13:28 of 1st period - Stopped by Braden Holtby without a rebound.
13:29 of 1st period - Lars Eller wins face-off versus Radim Vrbata in Lightning zone.
13:52 of 1st period - Lars Eller is hit by Radko Gudas and loses puck.
14:11 of 1st period - Snap shot by Radim Vrbata.
14:11 of 1st period - Stopped by Marc-Andre Fleury without a rebound.
14:12 of 1st period - Ryan Nugent-Hopkins wins face-off versus Anze Kopitar in Maple Leafs zone.
14:28 of 1st period - Snap shot by Nikolaj Ehlers.
14:28 of 1st period - Shot Misses the Net.
14:45 of 1st period - Snap shot by Sergey Kalinin.
14:45 of 1st period - Shot Misses the Net.
14:47 of 1st period - Wrist shot by Steven Santini.
14:47 of 1st period - Deflect By Nicklas Jensen.
14:47 of 1st period - Shot Blocked by Michal Rozsival.
14:47 of 1st period - Puck is out of play.
14:48 of 1st period - Anze Kopitar wins face-off versus Ryan Nugent-Hopkins in Lightning zone.
15:36 of 1st period - Wrist shot by Lars Eller.
15:36 of 1st period - Stopped by Braden Holtby without a rebound.
15:37 of 1st period - Lars Eller wins face-off versus Radim Vrbata in Lightning zone.
15:40 of 1st period - Snap shot by Lars Eller.
15:40 of 1st period - Shot Blocked by Andrej Sekera.
15:50 of 1st period - Wrist shot by Nick Foligno.
15:50 of 1st period - Shot Blocked by Lars Eller.
15:52 of 1st period - Slapshot by Radko Gudas.
15:52 of 1st period - Stopped by Marc-Andre Fleury with a rebound.
15:54 of 1st period - Wrist shot by Nick Foligno.
15:54 of 1st period - Stopped by Marc-Andre Fleury with a rebound.
15:56 of 1st period - Wrist shot by Matt Cullen.
15:56 of 1st period - Shot Misses the Net.
15:58 of 1st period - Snap shot by Andrej Sekera.
15:58 of 1st period - Shot Misses the Net.
16:00 of 1st period - Wrist shot by Radko Gudas.
16:00 of 1st period - Stopped by Marc-Andre Fleury with a rebound.
16:02 of 1st period - Slapshot by Andrej Sekera.
16:02 of 1st period - Shot Blocked by Steven Santini.
16:06 of 1st period - Wrist shot by Radim Vrbata.
16:06 of 1st period - Goal by Radim Vrbata - Lightning : 1 - Maple Leafs : 0.
16:07 of 1st period - Anze Kopitar wins face-off versus Ryan Nugent-Hopkins in neutral zone.
16:58 of 1st period - Andrej Sekera is hit by Nicklas Jensen and loses puck.
17:20 of 1st period - Wrist shot by Drew Stafford.
17:20 of 1st period - Stopped by Marc-Andre Fleury without a rebound.
17:21 of 1st period - Travis Zajac wins face-off versus Ryan Nugent-Hopkins in Maple Leafs zone.
17:26 of 1st period - Ryan Nugent-Hopkins is hit by Travis Zajac and loses puck.
18:18 of 1st period - Wrist shot by Nikolaj Ehlers.
18:18 of 1st period - Deflect By Anze Kopitar.
18:18 of 1st period - Stopped by Braden Holtby with a rebound.
18:20 of 1st period - Slapshot by Anze Kopitar.
18:20 of 1st period - Stopped by Braden Holtby without a rebound.
18:21 of 1st period - Ryan Nugent-Hopkins wins face-off versus Mike Hoffman in Lightning zone.
18:31 of 1st period - Off-side.
18:32 of 1st period - Ryan Nugent-Hopkins wins face-off versus Travis Zajac in neutral zone.
18:35 of 1st period - Wrist shot by Tyler Seguin.
18:35 of 1st period - Shot Misses the Net.
18:41 of 1st period - Wrist shot by Travis Zajac.
18:41 of 1st period - Shot Misses the Net.
18:57 of 1st period - Andrej Sekera is hit by Tom Kostopoulos and loses puck.
19:41 of 1st period - Ryan Nugent-Hopkins is hit by Anze Kopitar and loses puck.
Goals for this period are 1 for Lightning vs 0 for Maple Leafs.
Shots for this period are 13 for Lightning vs 7 for Maple Leafs.

2nd period


0:01 of 2nd period - Antoine Vermette wins face-off versus Anze Kopitar in neutral zone.
0:12 of 2nd period - Wrist shot by Ryan Dzingel.
0:12 of 2nd period - Shot Misses the Net.
0:14 of 2nd period - Slapshot by Dennis Seidenberg.
0:14 of 2nd period - Stopped by Marc-Andre Fleury with a rebound.
0:16 of 2nd period - Snap shot by Ryan Dzingel.
0:16 of 2nd period - Shot Blocked by Hampus Lindholm.
0:46 of 2nd period - Snap shot by Drew Stafford.
0:46 of 2nd period - Shot Misses the Net.
1:10 of 2nd period - Toby Enstrom is hit by Jonathan Marchessault and loses puck.
1:31 of 2nd period - Wrist shot by Travis Zajac.
1:31 of 2nd period - Shot Misses the Net.
2:20 of 2nd period - Snap shot by Nick Foligno.
2:20 of 2nd period - Stopped by Marc-Andre Fleury with a rebound.
2:49 of 2nd period - Icing by Hampus Lindholm.
2:50 of 2nd period - Antoine Vermette wins face-off versus Lars Eller in Maple Leafs zone.
2:57 of 2nd period - Wrist shot by Antoine Vermette.
2:57 of 2nd period - Shot Misses the Net.
3:48 of 2nd period - Wrist shot by Travis Zajac.
3:48 of 2nd period - Shot Misses the Net.
3:50 of 2nd period - Wrist shot by Mike Hoffman.
3:50 of 2nd period - Stopped by Braden Holtby with a rebound.
3:52 of 2nd period - Snap shot by Hampus Lindholm.
3:52 of 2nd period - Stopped by Braden Holtby without a rebound.
3:53 of 2nd period - Antoine Vermette wins face-off versus Sergey Kalinin in Lightning zone.
4:08 of 2nd period - Wrist shot by Sergey Kalinin.
4:08 of 2nd period - Stopped by Braden Holtby with a rebound.
4:44 of 2nd period - Bobby Ryan is hit by Viktor Stalberg and loses puck.
5:20 of 2nd period - Andrej Sekera is hit by Logan Couture and loses puck.
6:16 of 2nd period - Slapshot by Hampus Lindholm.
6:16 of 2nd period - Deflect By Drew Stafford.
6:16 of 2nd period - Stopped by Braden Holtby without a rebound.
6:17 of 2nd period - Antoine Vermette wins face-off versus Anze Kopitar in Lightning zone.
6:44 of 2nd period - Slapshot by Mike Hoffman.
6:44 of 2nd period - Shot Blocked by Michal Rozsival.
6:46 of 2nd period - Wrist shot by Travis Zajac.
6:46 of 2nd period - Stopped by Braden Holtby with a rebound.
6:48 of 2nd period - Slapshot by Will O'Neill.
6:48 of 2nd period - Stopped by Braden Holtby without a rebound.
6:49 of 2nd period - Travis Zajac wins face-off versus Carl Soderberg in Lightning zone.
7:16 of 2nd period - Anze Kopitar is hit by Jussi Jokinen and loses puck.
7:21 of 2nd period - Wrist shot by Jussi Jokinen.
7:21 of 2nd period - Shot Blocked by Luke Schenn.
7:23 of 2nd period - Snap shot by Colin Miller.
7:23 of 2nd period - Deflect By Jussi Jokinen.
7:23 of 2nd period - Shot Misses the Net.
7:23 of 2nd period - Puck is out of play.
7:24 of 2nd period - Antoine Vermette wins face-off versus Travis Zajac in Maple Leafs zone.
7:39 of 2nd period - Snap shot by Ryan Dzingel.
7:39 of 2nd period - Shot Blocked by Travis Zajac.
7:58 of 2nd period - Snap shot by Jonathan Marchessault.
7:58 of 2nd period - Shot Misses the Net.
8:14 of 2nd period - Tom Kostopoulos is hit by Radko Gudas.
8:18 of 2nd period - Stephen Gionta is hit by Drew Stafford and loses puck.
8:38 of 2nd period - Nicklas Jensen is hit by Nick Foligno and loses puck.
8:57 of 2nd period - Bobby Ryan is hit by Jussi Jokinen and loses puck.
9:14 of 2nd period - Slapshot by Tyler Seguin.
9:14 of 2nd period - Stopped by Marc-Andre Fleury with a rebound.
9:26 of 2nd period - Dennis Seidenberg is hit by Nikolaj Ehlers and loses puck.
9:37 of 2nd period - Slapshot by Drew Stafford.
9:37 of 2nd period - Goal by Drew Stafford - Lightning : 2 - Maple Leafs : 0.
9:38 of 2nd period - Antoine Vermette wins face-off versus Anze Kopitar in neutral zone.
10:02 of 2nd period - Icing by Antoine Vermette.
10:03 of 2nd period - Travis Zajac wins face-off versus Ryan Nugent-Hopkins in Lightning zone.
10:04 of 2nd period - Slapshot by Mike Hoffman.
10:04 of 2nd period - Stopped by Braden Holtby with a rebound.
10:32 of 2nd period - Off-side.
10:33 of 2nd period - Antoine Vermette wins face-off versus Anze Kopitar in neutral zone.
11:37 of 2nd period - Carl Soderberg is hit by Bobby Ryan and loses puck.
12:28 of 2nd period - Slapshot by Nicklas Jensen.
12:28 of 2nd period - Stopped by Braden Holtby with a rebound.
12:30 of 2nd period - Wrist shot by Boyd Gordon.
12:30 of 2nd period - Shot Misses the Net.
13:19 of 2nd period - Will O'Neill is hit by Nick Foligno and loses puck.
13:45 of 2nd period - Minor Penalty to Will O'Neill for Slashing.
13:46 of 2nd period - Travis Zajac wins face-off versus Ryan Nugent-Hopkins in Maple Leafs zone.
13:59 of 2nd period - Snap shot by Tyler Seguin.
13:59 of 2nd period - Stopped by Marc-Andre Fleury without a rebound.
14:00 of 2nd period - Ryan Nugent-Hopkins wins face-off versus Travis Zajac in Maple Leafs zone.
14:17 of 2nd period - Snap shot by Nick Foligno.
14:17 of 2nd period - Stopped by Marc-Andre Fleury with a rebound.
15:45 of 2nd period - Penalty to Will O'Neill is over, Will O'Neill is back on ice.
16:01 of 2nd period - Will O'Neill is hit by Carl Soderberg and loses puck.
16:21 of 2nd period - Toby Enstrom is hit by Dennis Seidenberg and loses puck.
16:42 of 2nd period - Viktor Stalberg is hit by Steven Santini and loses puck.
17:15 of 2nd period - Snap shot by Hampus Lindholm.
17:15 of 2nd period - Deflect By Nicklas Jensen.
17:15 of 2nd period - Stopped by Braden Holtby without a rebound.
17:16 of 2nd period - Ryan Nugent-Hopkins wins face-off versus Lars Eller in Lightning zone.
17:23 of 2nd period - Radko Gudas is hit by Hampus Lindholm and loses puck.
17:54 of 2nd period - Jussi Jokinen is hit by Luke Schenn and loses puck.
18:17 of 2nd period - Carl Soderberg is hit by Nicklas Jensen and loses puck.
18:42 of 2nd period - Wrist shot by Anze Kopitar.
18:42 of 2nd period - Shot Misses the Net.
19:23 of 2nd period - Andrej Sekera is hit by Tom Kostopoulos and loses puck.
19:38 of 2nd period - Carl Soderberg is hit by Luke Schenn and loses puck.
19:43 of 2nd period - Wrist shot by Travis Zajac.
19:43 of 2nd period - Stopped by Braden Holtby with a rebound.
19:45 of 2nd period - Slapshot by Toby Enstrom.
19:45 of 2nd period - Deflect By Carl Soderberg.
19:45 of 2nd period - Stopped by Braden Holtby without a rebound.
19:46 of 2nd period - Ryan Nugent-Hopkins wins face-off versus Anze Kopitar in Lightning zone.
19:53 of 2nd period - Snap shot by Jonathan Marchessault.
19:53 of 2nd period - Shot Misses the Net.
19:55 of 2nd period - Wrist shot by Colin Miller.
19:55 of 2nd period - Shot Hit the Post.
19:57 of 2nd period - Backhand shot by Jonathan Marchessault.
19:57 of 2nd period - Shot Misses the Net.
19:59 of 2nd period - Slapshot by Tyler Seguin.
19:59 of 2nd period - Shot Misses the Net.
Goals for this period are 1 for Lightning vs 0 for Maple Leafs.
Shots for this period are 6 for Lightning vs 11 for Maple Leafs.

3rd period


0:01 of 3rd period - Anze Kopitar wins face-off versus Radim Vrbata in neutral zone.
0:35 of 3rd period - Snap shot by Ryan Nugent-Hopkins.
0:35 of 3rd period - Shot Misses the Net.
0:37 of 3rd period - Snap shot by Jonathan Marchessault.
0:37 of 3rd period - Shot Misses the Net.
0:39 of 3rd period - Snap shot by Tyler Seguin.
0:39 of 3rd period - Stopped by Marc-Andre Fleury without a rebound.
0:40 of 3rd period - Lars Eller wins face-off versus Antoine Vermette in Maple Leafs zone.
0:49 of 3rd period - Snap shot by Tom Kostopoulos.
0:49 of 3rd period - Shot Blocked by Dennis Seidenberg.
0:51 of 3rd period - Slapshot by Toby Enstrom.
0:51 of 3rd period - Deflect By Tom Kostopoulos.
0:51 of 3rd period - Shot Misses the Net.
0:51 of 3rd period - Puck is out of play.
0:52 of 3rd period - Anze Kopitar wins face-off versus Radim Vrbata in Lightning zone.
0:55 of 3rd period - Snap shot by Anze Kopitar.
0:55 of 3rd period - Shot Misses the Net.
1:19 of 3rd period - Icing by Hampus Lindholm.
1:20 of 3rd period - Ryan Nugent-Hopkins wins face-off versus Travis Zajac in Maple Leafs zone.
1:41 of 3rd period - Minor Penalty to Jonathan Marchessault for Cross-checking.
1:42 of 3rd period - Anze Kopitar wins face-off versus Matt Cullen in Lightning zone.
1:45 of 3rd period - Wrist shot by Logan Couture.
1:45 of 3rd period - Shot Misses the Net.
1:47 of 3rd period - Wrist shot by Anze Kopitar.
1:47 of 3rd period - Stopped by Braden Holtby without a rebound.
1:48 of 3rd period - Matt Cullen wins face-off versus Anze Kopitar in Lightning zone.
1:53 of 3rd period - Wrist shot by Jussi Jokinen.
1:53 of 3rd period - Shot Misses the Net.
3:06 of 3rd period - Slapshot by Radko Gudas.
3:06 of 3rd period - Stopped by Marc-Andre Fleury with a rebound.
3:41 of 3rd period - Penalty to Jonathan Marchessault is over, Jonathan Marchessault is back on ice.
3:56 of 3rd period - Snap shot by Nicklas Jensen.
3:56 of 3rd period - Shot Misses the Net.
3:58 of 3rd period - Snap shot by Sergey Kalinin.
3:58 of 3rd period - Stopped by Braden Holtby with a rebound.
4:00 of 3rd period - Slapshot by Fredrik Claesson.
4:00 of 3rd period - Shot Misses the Net.
4:02 of 3rd period - Wrist shot by Boyd Gordon.
4:02 of 3rd period - Shot Misses the Net.
4:04 of 3rd period - Slapshot by Will O'Neill.
4:04 of 3rd period - Shot Blocked by Ryan Nugent-Hopkins.
4:06 of 3rd period - Slapshot by Nicklas Jensen.
4:06 of 3rd period - Deflect By Boyd Gordon.
4:06 of 3rd period - Shot Blocked by Jonathan Marchessault.
4:06 of 3rd period - Puck is out of play.
4:07 of 3rd period - Carl Soderberg wins face-off versus Lars Eller in Lightning zone.
4:13 of 3rd period - Off-side.
4:14 of 3rd period - Carl Soderberg wins face-off versus Lars Eller in neutral zone.
4:19 of 3rd period - Tom Kostopoulos is hit by Radko Gudas and loses puck.
4:44 of 3rd period - Slapshot by Lars Eller.
4:44 of 3rd period - Deflect By Logan Couture.
4:44 of 3rd period - Stopped by Braden Holtby with a rebound.
5:17 of 3rd period - Icing by Fredrik Claesson.
5:18 of 3rd period - Travis Zajac wins face-off versus Antoine Vermette in Maple Leafs zone.
5:25 of 3rd period - Slapshot by Nikolaj Ehlers.
5:25 of 3rd period - Shot Misses the Net.
5:27 of 3rd period - Wrist shot by Anze Kopitar.
5:27 of 3rd period - Goal by Anze Kopitar - Lightning : 2 - Maple Leafs : 1.
5:28 of 3rd period - Anze Kopitar wins face-off versus Radim Vrbata in neutral zone.
6:01 of 3rd period - Snap shot by Jonathan Marchessault.
6:01 of 3rd period - Stopped by Marc-Andre Fleury without a rebound.
6:02 of 3rd period - Ryan Nugent-Hopkins wins face-off versus Travis Zajac in Maple Leafs zone.
6:26 of 3rd period - Snap shot by Jonathan Marchessault.
6:26 of 3rd period - Shot Misses the Net.
6:32 of 3rd period - Slapshot by Steven Santini.
6:32 of 3rd period - Deflect By Jonathan Marchessault.
6:32 of 3rd period - Stopped by Braden Holtby with a rebound.
6:34 of 3rd period - Slapshot by Steven Santini.
6:34 of 3rd period - Deflect By Ryan Nugent-Hopkins.
6:34 of 3rd period - Stopped by Braden Holtby without a rebound.
6:35 of 3rd period - Anze Kopitar wins face-off versus Radim Vrbata in Lightning zone.
6:52 of 3rd period - Snap shot by Anze Kopitar.
6:52 of 3rd period - Stopped by Braden Holtby with a rebound.
7:24 of 3rd period - Carl Soderberg is hit by Boyd Gordon and loses puck.
9:09 of 3rd period - Jonathan Marchessault is hit by Lars Eller and loses puck.
9:20 of 3rd period - Tyler Seguin is hit by Luke Schenn and loses puck.
9:55 of 3rd period - Wrist shot by Jonathan Marchessault.
9:55 of 3rd period - Stopped by Marc-Andre Fleury with a rebound.
9:57 of 3rd period - Snap shot by Tyler Seguin.
9:57 of 3rd period - Shot Misses the Net.
9:59 of 3rd period - Slapshot by Michal Rozsival.
9:59 of 3rd period - Shot Misses the Net.
10:11 of 3rd period - Slapshot by Ryan Nugent-Hopkins.
10:11 of 3rd period - Shot Misses the Net.
10:13 of 3rd period - Snap shot by Jonathan Marchessault.
10:13 of 3rd period - Stopped by Marc-Andre Fleury without a rebound.
10:14 of 3rd period - Radim Vrbata wins face-off versus Nikolaj Ehlers in Maple Leafs zone.
10:39 of 3rd period - Radko Gudas is hit by Bobby Ryan and loses puck.
10:48 of 3rd period - Wrist shot by Mike Hoffman.
10:48 of 3rd period - Shot Blocked by Radko Gudas.
10:50 of 3rd period - Wrist shot by Travis Zajac.
10:50 of 3rd period - Stopped by Braden Holtby with a rebound.
10:52 of 3rd period - Slapshot by Will O'Neill.
10:52 of 3rd period - Deflect By Travis Zajac.
10:52 of 3rd period - Deflect By Jussi Jokinen.
10:52 of 3rd period - Shot Misses the Net.
10:52 of 3rd period - Puck is out of play.
10:53 of 3rd period - Radim Vrbata wins face-off versus Nikolaj Ehlers in Lightning zone.
10:53 of 3rd period - Radim Vrbata is hit by Steven Santini.
10:58 of 3rd period - Off-side.
10:59 of 3rd period - Radim Vrbata wins face-off versus Anze Kopitar in neutral zone.
11:06 of 3rd period - Wrist shot by Nick Foligno.
11:06 of 3rd period - Shot Blocked by Steven Santini.
11:34 of 3rd period - Steven Santini is hit by Dennis Seidenberg and loses puck.
12:33 of 3rd period - Slapshot by Nick Foligno.
12:33 of 3rd period - Stopped by Marc-Andre Fleury without a rebound.
12:34 of 3rd period - Anze Kopitar wins face-off versus Matt Cullen in Maple Leafs zone.
12:34 of 3rd period - Anze Kopitar is hit by Radko Gudas.
13:06 of 3rd period - Snap shot by Mike Hoffman.
13:06 of 3rd period - Shot Misses the Net.
13:22 of 3rd period - Off-side.
13:23 of 3rd period - Carl Soderberg wins face-off versus Lars Eller in neutral zone.
13:31 of 3rd period - Snap shot by Drew Stafford.
13:31 of 3rd period - Stopped by Marc-Andre Fleury with a rebound.
13:33 of 3rd period - Slapshot by Carl Soderberg.
13:33 of 3rd period - Shot Blocked by Hampus Lindholm.
13:35 of 3rd period - Wrist shot by Drew Stafford.
13:35 of 3rd period - Shot Misses the Net.
13:37 of 3rd period - Snap shot by Carl Soderberg.
13:37 of 3rd period - Shot Misses the Net.
13:39 of 3rd period - Snap shot by Viktor Stalberg.
13:39 of 3rd period - Shot Blocked by Hampus Lindholm.
13:57 of 3rd period - Michal Rozsival is hit by Luke Schenn and loses puck.
14:19 of 3rd period - Antoine Vermette is hit by Steven Santini.
14:23 of 3rd period - Wrist shot by Ryan Dzingel.
14:23 of 3rd period - Stopped by Marc-Andre Fleury with a rebound.
14:37 of 3rd period - Andrej Sekera is hit by Sergey Kalinin and loses puck.
14:58 of 3rd period - Wrist shot by Stephen Gionta.
14:58 of 3rd period - Shot Blocked by Radko Gudas.
15:00 of 3rd period - Snap shot by Lars Eller.
15:00 of 3rd period - Shot Misses the Net.
15:02 of 3rd period - Slapshot by Toby Enstrom.
15:02 of 3rd period - Deflect By Lars Eller.
15:02 of 3rd period - Stopped by Braden Holtby with a rebound.
15:04 of 3rd period - Snap shot by Tom Kostopoulos.
15:04 of 3rd period - Goal by Tom Kostopoulos - Lightning : 2 - Maple Leafs : 2.
15:05 of 3rd period - Anze Kopitar wins face-off versus Antoine Vermette in neutral zone.
15:13 of 3rd period - Snap shot by Antoine Vermette.
15:13 of 3rd period - Shot Blocked by Anze Kopitar.
15:39 of 3rd period - Jonathan Marchessault is hit by Bobby Ryan.
15:53 of 3rd period - Slapshot by Sergey Kalinin.
15:53 of 3rd period - Deflect By Radko Gudas.
15:53 of 3rd period - Shot Misses the Net.
15:53 of 3rd period - Puck is out of play.
15:54 of 3rd period - Radim Vrbata wins face-off versus Sergey Kalinin in Lightning zone.
16:10 of 3rd period - Slapshot by Steven Santini.
16:10 of 3rd period - Deflect By Nicklas Jensen.
16:10 of 3rd period - Shot Misses the Net.
16:10 of 3rd period - Puck is out of play.
16:11 of 3rd period - Antoine Vermette wins face-off versus Nikolaj Ehlers in Lightning zone.
16:22 of 3rd period - Snap shot by Logan Couture.
16:22 of 3rd period - Stopped by Braden Holtby with a rebound.
16:24 of 3rd period - Wrist shot by Logan Couture.
16:24 of 3rd period - Stopped by Braden Holtby without a rebound.
16:25 of 3rd period - Anze Kopitar wins face-off versus Antoine Vermette in Lightning zone.
16:30 of 3rd period - Wrist shot by Anze Kopitar.
16:30 of 3rd period - Stopped by Braden Holtby with a rebound.
16:32 of 3rd period - Snap shot by Hampus Lindholm.
16:32 of 3rd period - Stopped by Braden Holtby with a rebound.
16:34 of 3rd period - Slapshot by Nikolaj Ehlers.
16:34 of 3rd period - Shot Misses the Net.
16:59 of 3rd period - Snap shot by Tyler Seguin.
16:59 of 3rd period - Stopped by Marc-Andre Fleury with a rebound.
17:01 of 3rd period - Snap shot by Tyler Seguin.
17:01 of 3rd period - Shot Misses the Net.
17:03 of 3rd period - Slapshot by Tyler Seguin.
17:03 of 3rd period - Stopped by Marc-Andre Fleury without a rebound.
17:04 of 3rd period - Anze Kopitar wins face-off versus Radim Vrbata in Maple Leafs zone.
17:08 of 3rd period - Minor Penalty to Hampus Lindholm for Hooking.
17:09 of 3rd period - Travis Zajac wins face-off versus Ryan Nugent-Hopkins in Maple Leafs zone.
17:35 of 3rd period - Radko Gudas is hit by Anze Kopitar.
17:42 of 3rd period - Icing by Colin Miller.
17:43 of 3rd period - Matt Cullen wins face-off versus Travis Zajac in Lightning zone.
19:08 of 3rd period - Penalty to Hampus Lindholm is over, Hampus Lindholm is back on ice.
19:16 of 3rd period - Slapshot by Toby Enstrom.
19:16 of 3rd period - Shot Misses the Net.
19:18 of 3rd period - Wrist shot by Logan Couture.
19:18 of 3rd period - Stopped by Braden Holtby with a rebound.
19:20 of 3rd period - Backhand shot by Toby Enstrom.
19:20 of 3rd period - Shot Blocked by Antoine Vermette.
19:22 of 3rd period - Snap shot by Steven Santini.
19:22 of 3rd period - Shot Blocked by Noah Hanifin.
19:24 of 3rd period - Slapshot by Steven Santini.
19:24 of 3rd period - Shot Blocked by Noah Hanifin.
19:26 of 3rd period - Slapshot by Toby Enstrom.
19:26 of 3rd period - Stopped by Braden Holtby without a rebound.
19:27 of 3rd period - Anze Kopitar wins face-off versus Ryan Nugent-Hopkins in Lightning zone.
19:46 of 3rd period - Ryan Nugent-Hopkins is hit by Lars Eller and loses puck.
Goals for this period are 0 for Lightning vs 2 for Maple Leafs.
Shots for this period are 10 for Lightning vs 16 for Maple Leafs.

Overtime #1


0:01 of 1st overtime period - Travis Zajac wins face-off versus Tyler Seguin in neutral zone.
1:26 of 1st overtime period - Icing by Jonathan Marchessault.
1:27 of 1st overtime period - Logan Couture wins face-off versus Matt Cullen in Lightning zone.
1:54 of 1st overtime period - Wrist shot by Tyler Seguin.
1:54 of 1st overtime period - Goal by Tyler Seguin - Lightning : 3 - Maple Leafs : 2.
Goals for this period are 1 for Lightning vs 0 for Maple Leafs.
Shots for this period are 1 for Lightning vs 0 for Maple Leafs.